 Dungeon Crawl Stone Soup version 0.19-a0-1720-gc855d72 (webtiles) character file.

4513 Alarkh the Basher (level 10, -4/63 HPs)
             Began as a Mummy Necromancer on Sept 29, 2016.
             Was a Priest of Okawaru.
             Slain by a centaur warrior (8 damage)
             ... on level 8 of the Dungeon.
             The game lasted 00:14:00 (6152 turns).

Alarkh the Basher (Mummy Necromancer)               Turns: 6152, Time: 00:14:01

Health: -4/63      AC: 13    Str: 13    XL:     10   Next: 16%
Magic:  2/20       EV: 11    Int: 17    God:    Okawaru [***...]
Gold:   139        SH:  0    Dex: 12    Spells: 3 memorised, 15 levels left

rFire  . . .     SeeInvis .     a - +4 whip (elec)
rCold  + . .     Gourm    .     v - +3 leather armour {rF+}
rNeg   + + +     Faith    .     (no shield)
rPois  ∞         Spirit   .     (no helmet)
rElec  .         Dismiss  .     (no cloak)
rCorr  +         Reflect  .     (no gloves)
MR     +....     Harm     .     y - +2 pair of boots {run}
Stlth  +.........               (no amulet)
                                t - +3 ring of protection
                                r - ring of resist corrosion

@: quick
A: no food or potions, fire vulnerability, cold resistance 1, negative energy
resistance 3, torment resistance, unbreathing
a: Heroism, Renounce Religion


You were on level 8 of the Dungeon.
You worshipped Okawaru.
Okawaru was most pleased with you.
You were not hungry.

You visited 2 branches of the dungeon, and saw 9 of its levels.

You collected 393 gold pieces.
You spent 254 gold pieces at shops.

Inventory:

Hand Weapons
 a - a +4 whip of electrocution (weapon)
 b - a +2 flail of protection
 c - a +0 mace
 o - a +0 quarterstaff
 q - a +2 dagger of draining
 w - a +0 whip of venom
 x - a +0 vampiric long sword
 K - a +1 mace of crushing
Missiles
 A - 2 throwing nets (quivered)
Armour
 h - a +0 shield
 k - a +0 robe
 v - a +3 leather armour of fire resistance (worn)
 y - a +2 pair of boots of running (worn)
 C - a +0 pair of boots
Magical Staves
 u - an uncursed staff of conjuration
Jewellery
 p - an uncursed amulet of harm
 r - a ring of resist corrosion (left hand)
 t - a +3 ring of protection (right hand)
Wands
 n - a wand of random effects (28/48)
 B - a wand of iceblast (7/15)
 D - a wand of digging (13/24)
 E - a wand of random effects (25/48)
 I - a wand of flame (44/48)
Scrolls
 d - 3 scrolls of fear
 f - 5 scrolls of amnesia
 g - 2 scrolls of random uselessness
 i - a scroll of enchant armour
 l - a scroll of teleportation
 m - a scroll of noise
 z - a scroll of immolation
 F - a scroll of recharging
 G - a scroll of remove curse
 H - a scroll of magic mapping
 J - a scroll of brand weapon
Books
 j - a book of Necromancy

   Spells                             Type                      Level
   a - Pain                           Necromancy                   1
   b - Animate Skeleton               Necromancy                   1
   c - Vampiric Draining              Necromancy                   3
   d - Regeneration                   Charms/Necromancy            3
   e - Animate Dead                   Necromancy                   4
   f - Control Undead                 Necromancy                   4
 s - a book of Dreams

   Spells                             Type                      Level
   a - Ensorcelled Hibernation        Hexes/Ice                    2
   b - Silence                        Hexes/Air                    5
   c - Darkness                       Hexes                        6
   d - Shadow Creatures               Summoning                    6


   Skills:
 + Level 8.9 Maces & Flails
 - Level 1.5 Dodging
 - Level 1.5 Stealth
 - Level 7.1 Spellcasting
 - Level 8.5 Necromancy


You had 15 spell levels left.
You knew the following spells:

 Your Spells              Type           Power        Failure   Level  Hunger
a - Vampiric Draining     Necr           ####......   1%          3    N/A
b - Pain                  Necr           ####         1%          1    N/A
c - Control Undead        Necr           ####......   6%          4    N/A

Dungeon Overview and Level Annotations

Branches:
Dungeon (8/15)             Temple (1/1) D:5
   Lair: D:8-11

Altars:
Ashenzari
Cheibriados
Dithmenos
Elyvilon
Fedhas
Gozag
Hepliaklqana
Kikubaaqudgha
Makhleb
Nemelex Xobeh
Okawaru
Qazlal
Ru
Sif Muna
Trog
Uskayaw
Vehumet
Xom
Yredelemnul
Zin
The Shining One

Shops:
D:5 [   D:8 ?

Annotations:
D:8 1 exclusion


Innate Abilities, Weirdness & Mutations

You do not eat or drink.
Your flesh is vulnerable to fire.
You are immune to poison.
Your flesh is cold resistant. (rC+)
You are immune to negative energy. (rN+++)
You are immune to unholy pain and torment.
You can survive without breathing.


Message History

* * * LOW HITPOINT WARNING * * *
The manticore barely misses you. The manticore completely misses you.
Casting: Vampiric Draining
Confirm with . or Enter, or press ? or * to list all spells.
Aiming: Vampiric Draining
Press: ? - help, Shift-Dir - straight line, f/p - manticore
Aim: a manticore (almost dead)
You kill the manticore!
Okawaru accepts your kill.
You feel life coursing into your body.
Casting: Vampiric Draining
Confirm with . or Enter, or press ? or * to list all spells.
Aiming: Vampiric Draining
Press: ? - help, Shift-Dir - straight line, f - centaur warrior
Aim: a centaur warrior The centaur warrior is lightly wounded.
You feel life coursing into your body. The centaur warrior hits you.
* * * LOW HITPOINT WARNING * * *
The centaur warrior hits you!
You die...

.#....#.......#<......#......#
'###+##.......#.......#......#
..#...#.......#...##†##..#####
..#...#.......#...##.##..##
..#...#.......#...........#
..#...'.......#...........#
..'...#.......#...........#
..#...#.......#############
..#...#.........@.........#
..#...#........##c##......#
..#...#........#.#[#......#
.######........#H#[#......#
.#....#........#c#|#......#
.#....#........#a#<#......#
.#....#........#c#:#.#+####
.#....#........#.#$#.#....#
.#....#........#o#$#.#....#


You could see a centaur warrior.

Vanquished Creatures
  A centaur warrior (D:8)
  Pikel (D:5)
  A manticore (D:8)
  Grinder (D:5)
  A hippogriff (D:7)
  A wyvern (D:8)
  A spriggan (D:7)
  2 ice beasts
  3 phantoms
  An orc warrior (D:8)
  A black bear (D:6)
  3 centaurs
  3 ogres
  Blork the orc (D:5)
  A bullfrog (D:6)
  A water moccasin zombie (D:7)
  A water moccasin skeleton (D:8)
  2 scorpions
  A howler monkey (D:4)
  2 bullfrog zombies (D:8)
  A crimson imp (D:6)
  A centaur zombie (D:8)
  2 jellies (D:8)
  3 orc wizards
  3 hounds
  A gnoll shaman (D:5)
  2 orc priests
  A bullfrog skeleton (D:4)
  A centaur skeleton (D:5)
  8 worker ants
  3 gnolls (D:5)
  9 adders
  A shadow imp (D:7)
  An adder skeleton (D:5)
  4 worms
  3 dart slugs
  9 leopard geckos
  23 orcs
  5 giant cockroaches
  3 goblins
  4 hobgoblins
  22 jackals
  4 quokkas
  4 bats
  3 frilled lizards
  A jackal skeleton (D:5)
  5 kobolds
  10 rats
166 creatures vanquished.

Vanquished Creatures (others)
  A human (D:3)
  A centaur (D:5)
2 creatures vanquished.

Grand Total: 168 creatures vanquished

Notes
Turn   | Place    | Note
-------+----------+-------------------------------------------
     0 | D:1      | Alarkh the Mummy Necromancer began the quest for the Orb.
     0 | D:1      | Reached XP level 1. HP: 13/13 MP: 3/3
   113 | D:1      | Reached XP level 2. HP: 16/19 MP: 0/5
  1194 | D:2      | Reached XP level 3. HP: 24/24 MP: 1/7
  1441 | D:2      | Found a glowing golden altar of the Shining One.
  1474 | D:2      | Reached XP level 4. HP: 21/30 MP: 5/8
  1480 | D:2      | Learned a level 3 spell: Vampiric Draining
  1485 | D:2      | Learned a level 4 spell: Control Undead
  1669 | D:3      | Reached skill level 5 in Necromancy
  1877 | D:3      | Found an ancient bone altar of Kikubaaqudgha.
  1878 | D:3      | Noticed a human
  1880 | D:3      | Killed a human
  2151 | D:3      | Found a hide-covered altar of Uskayaw.
  2351 | D:4      | Reached XP level 5. HP: 35/35 MP: 10/10
  2647 | D:4      | Noticed a centaur
  2655 | D:4      | Killed a centaur
  2655 | D:4      | Reached XP level 6. HP: 9/41 MP: 0/12
  3518 | D:5      | Entered Level 5 of the Dungeon
  3534 | D:5      | Noticed a slave
  3536 | D:5      | Noticed an ice beast
  3550 | D:5      | Killed an ice beast
  3550 | D:5      | Reached skill level 5 in Spellcasting
  3550 | D:5      | Reached XP level 7. HP: 36/46 MP: 14/14
  3561 | D:5      | Found Jysha's Antique Armour Boutique.
  3569 | D:5      | Bought a pair of glowing boots for 108 gold pieces
  3581 | D:5      | Noticed Blork the orc
  3597 | D:5      | Killed Blork the orc
  3656 | D:5      | Found a staircase to the Ecumenical Temple.
  3675 | Temple   | Entered the Ecumenical Temple
  3791 | Temple   | Became a worshipper of Warmaster Okawaru
  4054 | D:5      | Noticed Grinder
  4061 | D:5      | Paralysed by Grinder for 5 turns
  4072 | D:5      | Paralysed by Grinder for 6 turns
  4081 | D:5      | Killed Grinder
  4097 | D:5      | Reached XP level 8. HP: 28/52 MP: 17/17
  4125 | D:5      | Noticed Pikel
  4146 | D:5      | Killed Pikel
  4146 | D:5      | Reached * piety under Okawaru
  4175 | D:5      | Found a sparkling altar of Nemelex Xobeh.
  4175 | D:5      | Found a sacrificial altar of Ru.
  4367 | D:5      | Bought a pair of embroidered boots for 108 gold pieces
  4434 | D:6      | Identified a +0 pair of boots of running (You bought it in a shop on level 5 of the Dungeon)
  4455 | D:6      | Reached skill level 1 in Maces & Flails
  4684 | D:6      | Found a radiant altar of Vehumet.
  5021 | D:7      | Reached XP level 9. HP: 57/57 MP: 19/19
  5051 | D:7      | Found a burning altar of Makhleb.
  5179 | D:7      | Reached skill level 5 in Maces & Flails
  5410 | D:8      | Reached ** piety under Okawaru
  5487 | D:8      | Noticed a centaur warrior
  5487 | D:8      | Noticed a centaur warrior
  5493 | D:8      | Noticed a manticore
  5524 | D:8      | Found Megaf's Magic Scroll Shop.
  5535 | D:8      | Bought a scroll of magic mapping for 38 gold pieces
  5912 | D:8      | Reached *** piety under Okawaru
  6135 | D:8      | Killed a centaur warrior
  6135 | D:8      | Received a gift from Okawaru
  6135 | D:8      | Reached XP level 10. HP: 60/63 MP: 17/20
  6150 | D:8      | HP: 3/63 [manticore (13)]
  6151 | D:8      | Killed a manticore
  6152 | D:8      | Slain by a centaur warrior

Vault maps used:
D:1:      minmay_arrival_shattered_statue, serial_forest,
          infiniplex_forest_clump_diagonal, infiniplex_forest_clump_long,
          infiniplex_forest_end_double, infiniplex_forest_corner_1
D:2:      lemuel_doored_altar
D:3:      lemuel_coloured_pillars_altar, hex_intersection, tgw_kikubaaqudgha
D:5:      gammafunk_temple_overflow_elements, serial_shops, shop, first_bread,
          minmay_stone_trees_small, uniq_pikel, uniq_blork_the_orc, uniq_grinder
D:6:      basic_altar
D:7:      lemuel_round_altar, the_bakery
D:8:      serial_shops, nicolae_shop_waterfront,
          onia_ninara_dug_in_and_dangerous
Temple:   lightli_temple_of_artemis

Skill      XL: |  1  2  3  4  5  6  7  8  9 |
---------------+----------------------------+-----
Spellcasting   | 3 4 5 6 7 |  7.1
Necromancy     | 5 6 7 8 |  8.5
Maces & Flails | 4 8 |  8.9
Dodging        | |  1.5
Stealth        | |  1.5

Action                   |  1- 3 |  4- 6 |  7- 9 | 10-12 || total
-------------------------+-------+-------+-------+-------++-------
Melee: Unarmed           |     9 |       |       |       ||     9
       Mace              |    25 |       |       |       ||    25
       Dagger            |    15 |    18 |       |       ||    33
       Long sword        |       |    59 |       |       ||    59
       Flail             |       |    72 |    65 |       ||   137
       Whip              |       |       |   198 |     8 ||   206
       Punch             |       |       |       |     1 ||     1
 Cast: Pain              |    55 |    72 |    10 |       ||   137
       Vampiric Draining |       |    13 |    33 |     6 ||    52
Invok: Heroism           |       |       |     1 |       ||     1
Evoke: Wand              |       |       |     1 |       ||     1
  Use: Scroll            |       |     2 |    17 |       ||    19
 Stab: Sleeping          |       |     3 |     3 |       ||     6
Armor: Robe              |    36 |    19 |       |       ||    55
       Leather armour    |       |    34 |   138 |     6 ||   178
Dodge: Dodged            |    47 |   119 |   131 |     8 ||   305
